 Dungeon Crawl Stone Soup version 0.30.0-20-g3615ddf2f0 (webtiles) character file.

Game seed: 6246990941470878376

382 qw the Chopper (level 6, -4/38 HPs)
             Began as a Gargoyle Fighter on May 29, 2023.
             Slain by a gnoll
             ... wielding a +0 halberd
             ... led by a gnoll bouda
              (6 damage)
             ... on level 5 of the Dungeon.
             The game lasted 00:03:00 (3539 turns).

qw the Chopper (Gargoyle Fighter)                   Turns: 3539, Time: 00:03:01

Health: -4/38      AC: 16    Str: 21 (22) XL:     6   Next: 76%
Magic:  6/6        EV:  7    Int:  6 (8)  God:
Gold:   176        SH:  4    Dex:  8 (9)  Spells: 5/5 levels left

rFire   . . .        Y - +2 war axe
rCold   . . .        c - +0 buckler
rNeg    + . .        p - +0 chain mail
rPois   inf          (no helmet)
rElec   +            (no cloak)
rCorr   .            j - +1 pair of gloves
SInv    .            f - +0 pair of boots
Will    +....        (no amulet) Stlth
                     e - ring of willpower
HPRegen 0.26/turn    (no ring)
MPRegen 0.10/turn

%: no passive effects
@: about to teleport
A: sickness immunity, AC +4, negative energy resistance 1, electricity
resistance, torment resistance 1, petrification resistance
a: no special abilities


You were on level 5 of the Dungeon.
You visited 1 branch of the dungeon, and saw 5 of its levels.

You collected 176 gold pieces.


Innate Abilities, Weirdness & Mutations

You are immune to sickness and miasma.
Your stone body is resilient. (AC +4)
You are immune to poison.
You resist negative energy. (rN+)
You are resistant to electric shocks. (rElec)
You are resistant to unholy torment.
You are immune to petrification.


   Skills:
 - Level 4.0 Fighting
 + Level 6.1 Axes
 - Level 3.2 Armour
 - Level 3.2 Shields


You had 5 spell levels left.
You didn't know any spells.
Your spell library was empty.

Inventory:

Hand Weapons
 b - a +0 morningstar of protection
 Y - a +2 war axe (weapon)
Armour
 c - a +0 buckler (worn)
 f - a +0 pair of boots (worn)
 j - a +1 pair of gloves (worn)
 p - a +0 chain mail (worn)
Jewellery
 e - a ring of willpower (left hand)
 h - a ring of ice
Scrolls
 i - a scroll of acquirement {unknown}
 l - a scroll of identify
Potions
 a - a potion of mutation
 d - a potion of might
 g - 3 potions of curing
 n - a potion of haste {unknown}
 o - a potion of attraction
 t - a potion of ambrosia {unknown}

Dungeon Overview and Level Annotations

Branches:
Dungeon (5/15)
 Temple: D:4-7

Altars:
Elyvilon


Message History

You kill the jelly!
The gnoll closely misses you.
You feel your intelligence returning.
Your Axes skill increases to level 6!
The gnoll hits you but does no damage. You block the gnoll's attack.
You closely miss the gnoll. You hit the gnoll.
The gnoll hits you but does no damage. x2
The gnoll hits you from afar with a +0 halberd.
You closely miss the gnoll.
The gnoll is lightly wounded.
You slash the gnoll! You slash the sleepcap! The sleepcap barely misses you.
The gnoll hits you with a +0 halberd! You block the gnoll's attack. x2
3534 ||| READING 2 scrolls of teleportation.
As you read the scroll of teleportation, it crumbles to dust.
You feel strangely unstable.
The sleepcap releases spores at you but does no damage.
The gnoll hits you but does no damage. The gnoll barely misses you.
You barely miss the gnoll.
The gnoll is almost dead.
You hit the sleepcap. You closely miss the gnoll.
You block the sleepcap's attack. You block the gnoll's attack.
The gnoll hits you with a +0 flail.
The sleepcap releases spores at you but does no damage.
You closely miss the gnoll.
The gnoll is almost dead.
You closely miss the gnoll. You slash the gnoll bouda!
You hit the sleepcap but do no damage.
Your surroundings seem slightly different.
Found a potion of mutation and a book of Conjurations.
Enter note:
3537 ||| READING scroll of teleportation.
As you read the scroll of teleportation, it crumbles to dust.
You feel strangely unstable. The gnoll barely misses you.
Enter note: You hit the gnoll.
The gnoll is heavily wounded.
The gnoll hits you from afar with a +0 halberd.
You die...

.. .# ####### ..#.###....
.###.....## .#.#.......
.##.......## ...........
.#.......).# ....#.....
.#.........# ##.........
##..........g##..........
##.........##g....#...!..
..)..........ggg@........
..........#.#.....##.....
##..........#.#....# ...
##.........##........ .
.#.............#..##..
.................## :...
#................# ...
#........#....#.# #. .#.


You could see a gnoll bouda and 4 gnolls.

Vanquished Creatures
  A phantom (D:3)
  A scorpion (D:4)
  A jelly (D:5)
  Jessica (D:3)
  7 gnolls
  2 adders
  4 worms
  4 dart slugs
  An orc (D:3)
  5 endoplasms
  4 giant cockroaches (D:2)
  8 goblins
  9 hobgoblins
  A jackal (D:2)
  15 kobolds
  2 quokkas (D:1)
  11 ball pythons
  3 bats
  3 frilled lizards
  10 rats
93 creatures vanquished.

Notes
Turn   | Place    | Note
-------+----------+-------------------------------------------
     0 | D:1      | qw the Gargoyle Fighter began the quest for the Orb.
     0 | D:1      | Reached XP level 1. HP: 14/14 MP: 1/1
     0 | D:1      | 0 ||| qw: Version: 0.2-a-102-gbcf14f9
     0 | D:1      | 0 ||| qw: Game counter: 376
     0 | D:1      | 0 ||| qw: Always use a shield: true
     0 | D:1      | 0 ||| qw: God list: Okawaru
     0 | D:1      | 0 ||| qw: Allow faded altars: false
     0 | D:1      | 0 ||| qw: Do Orc after D:15 true
     0 | D:1      | 0 ||| qw: Do second Lair branch before Depths: true
     0 | D:1      | 0 ||| qw: Lair rune preference: random
     0 | D:1      | 0 ||| qw: Plans: Normal, Zot:1-4, Slime:5, God:TSO, Crypt,
                  | Tomb, Pan, Hells, Abyss, Win
     0 | D:1      | 0 ||| PLANNING D:1-11
    15 | D:1      | Reached skill level 2 in Axes
    98 | D:1      | Reached XP level 2. HP: 19/19 MP: 2/2
   407 | D:1      | 407 ||| Stepping ~*~*~tactically~*~*~ (hiding).
   611 | D:1      | Reached skill level 3 in Axes
   615 | D:1      | HP: 4/19 [kobold/+2 short sword of speed (2)]
   722 | D:1      | 722 ||| Stepping ~*~*~tactically~*~*~ (hiding).
   732 | D:1      | Reached XP level 3. HP: 23/23 MP: 3/3
   896 | D:1      | 896 ||| UPGRADING to +1 pair of gloves.
   901 | D:1      | 901 ||| UPGRADING to ring of willpower.
   902 | D:1      | 902 ||| READING scroll labelled EMUMA DYCKISHRA.
   903 | D:1      | 903 ||| READING scroll labelled XEMOP KUGUL.
   904 | D:1      | 904 ||| READING 2 scrolls labelled TEQ ITHRIOXU.
   905 | D:1      | 905 ||| READING scroll labelled GUISSY KOREX.
   910 | D:1      | 910 ||| DRINKING 2 dark potions.
   911 | D:1      | 911 ||| DROPPING potion of brilliance.
  1008 | D:2      | 1008 ||| DROPPING +0 club.
  1330 | D:2      | Reached XP level 4. HP: 28/28 MP: 4/4
  1330 | D:2      | 1330 ||| Stepping ~*~*~tactically~*~*~ (stealth).
  1477 | D:2      | 1477 ||| Stepping ~*~*~tactically~*~*~ (stealth).
  1497 | D:2      | 1497 ||| Stepping ~*~*~tactically~*~*~ (hiding).
  1498 | D:2      | 1498 ||| Stepping ~*~*~tactically~*~*~ (stealth).
  1506 | D:2      | Reached skill level 4 in Axes
  2246 | D:2      | 2246 ||| UPGRADING to +0 pair of boots.
  2251 | D:2      | 2251 ||| READING scroll labelled LOENAU FUCOADUTE.
  2252 | D:2      | 2252 ||| READING 2 scrolls of identify.
  2252 | D:2      | 2252 ||| IDENTIFYING glowing purple potion
  2288 | D:3      | Reached XP level 5. HP: 27/32 MP: 5/5
  2322 | D:3      | 2322 ||| DROPPING +0 whip.
  2420 | D:3      | 2420 ||| Stepping ~*~*~tactically~*~*~ (stealth).
  2520 | D:3      | 2520 ||| Stepping ~*~*~tactically~*~*~ (stealth).
  2574 | D:3      | Noticed a phantom
  2577 | D:3      | 2577 ||| Stepping ~*~*~tactically~*~*~ (stealth).
  2578 | D:3      | 2578 ||| Stepping ~*~*~tactically~*~*~ (stealth).
  2587 | D:3      | Killed a phantom
  2588 | D:3      | Reached skill level 5 in Axes
  2590 | D:3      | Reached XP level 6. HP: 30/37 MP: 6/6
  2610 | D:3      | 2610 ||| Stepping ~*~*~tactically~*~*~ (stealth).
  2611 | D:3      | 2611 ||| Stepping ~*~*~tactically~*~*~ (stealth).
  2612 | D:3      | 2612 ||| Stepping ~*~*~tactically~*~*~ (stealth).
  2750 | D:3      | Noticed Jessica
  2758 | D:3      | Killed Jessica
  2956 | D:3      | 2956 ||| UPGRADING to +0 chain mail.
  2966 | D:3      | 2966 ||| DROPPING +0 scale mail.
  2967 | D:3      | 2967 ||| READING scroll labelled XUWUWUO CUUHAO.
  2968 | D:3      | 2968 ||| READING scroll labelled WUAREU XYFOPS.
  2969 | D:3      | 2969 ||| READING scroll labelled XUOTAR GIODAI.
  2970 | D:3      | 2970 ||| READING scroll labelled VIETAW XAKO.
  2971 | D:3      | 2971 ||| DRINKING 2 yellow potions.
  2972 | D:3      | 2972 ||| READING 3 scrolls of identify.
  2972 | D:3      | 2972 ||| IDENTIFYING lumpy grey potion
  2973 | D:3      | 2973 ||| READING 2 scrolls of identify.
  2973 | D:3      | 2973 ||| IDENTIFYING ruby potion
  2974 | D:3      | 2974 ||| DROPPING potion of flight.
  2991 | D:4      | 2991 ||| READING scroll of enchant weapon.
  2991 | D:4      | 2991 ||| ENCHANTING +1 war axe.
  3010 | D:4      | Found a white marble altar of Elyvilon.
  3158 | D:4      | 3158 ||| Stepping ~*~*~tactically~*~*~ (stealth).
  3363 | D:4      | 3363 ||| READING scroll labelled ACU SUES IFOA.
  3364 | D:4      | 3364 ||| READING scroll labelled JOXTETSUCH.
  3365 | D:4      | 3365 ||| DRINKING 2 fizzy yellow potions.
  3366 | D:4      | 3366 ||| DROPPING potion of degeneration.
  3373 | D:5      | Entered Level 5 of the Dungeon
  3381 | D:5      | 3381 ||| STAIRDANCE
  3400 | D:5      | 3400 ||| Stepping ~*~*~tactically~*~*~ (hiding).
  3405 | D:5      | 3405 ||| Stepping ~*~*~tactically~*~*~ (hiding).
  3407 | D:5      | 3407 ||| Stepping ~*~*~tactically~*~*~ (hiding).
  3513 | D:5      | 3513 ||| DROPPING +0 flail.
  3522 | D:5      | 3522 ||| Stepping ~*~*~tactically~*~*~ (stealth).
  3523 | D:5      | 3523 ||| Stepping ~*~*~tactically~*~*~ (hiding).
  3531 | D:5      | Reached skill level 6 in Axes
  3533 | D:5      | HP: 5/38 [gnoll/+0 halberd[a gnoll bouda] (10)]
  3534 | D:5      | 3534 ||| READING 2 scrolls of teleportation.
  3535 | D:5      | HP: 1/38 [gnoll/+0 flail[a gnoll bouda] (5)]
  3537 | D:5      | 3537 ||| READING scroll of teleportation.
  3539 | D:5      | Slain by a gnoll

Levels and vault maps discovered:
D:1:      ncdulo_lavacross, layout_basic, minmay_split_cup_large
D:2:      minmay_chambers_of_ones, layout_basic, grunt_ministairs_12,
          minmay_hedge_maze, bh_walls_and_bars
D:3:      layout_rooms, minmay_starry_boxes, uniq_jessica
D:4:      layout_rooms, mainiacjoe_overflow_tiny_flanked
D:5:      layout_rooms, mainiacjoe_overflow_alcove_4

Skill      XL: |  1  2  3  4  5  6 |
---------------+-------------------+-----
Axes           | 2 3 4 5 6 |  6.1
Fighting       | 4 |  4.0
Armour         | |  3.2
Shields        | |  3.2

Action                     |  1- 3 |  4- 6 || total
---------------------------+-------+-------++-------
  Melee: War axe           |   115 |   170 ||   285
    Use: Scroll            |     4 |    13 ||    17
         Potion            |     1 |     2 ||     3
 Armour: Scale mail        |    53 |    57 ||   110
         Chain mail        |       |    17 ||    17
  Dodge: Dodged            |    49 |    47 ||    96
  Block: Buckler           |    12 |    29 ||    41

Table legend:
 A = Non-vault XP
 B = Vault XP
 C = Vault XP percentage of total XP
 D = Non-vault monster count
 E = Vault monster count
 F = Vault count percentage of total count
                 A         B        C        D         E       F
            +---------+---------+-------+---------+---------+-------
      Total |     365 |     182 |  33.3 |      74 |      19 |  20.4
            +---------+---------+-------+---------+---------+-------
        D:1 |      29 |       7 |  19.4 |      17 |       4 |  19.0
        D:2 |      96 |      21 |  17.9 |      29 |       7 |  19.4
        D:3 |      81 |     154 |  65.5 |      18 |       8 |  30.8
        D:4 |      98 |       0 |   0.0 |       7 |       0 |   0.0
        D:5 |      61 |       0 |   0.0 |       3 |       0 |   0.0
            +---------+---------+-------+---------+---------+-------
